 Dungeon Crawl Stone Soup version 0.29-a0-330-g52719c12eb (webtiles) character file.

Game seed: 10309310711299268300

114 dohliylev the Ruffian (level 4, 0/42 HPs)
             Began as a Troll Warper on May 30, 2022.
             Slain by a gnoll
             ... wielding a +0 flail
              (7 damage)
             ... on level 3 of the Dungeon.
             The game lasted 00:02:40 (1545 turns).

dohliylev the Ruffian (Troll Warper)                Turns: 1545, Time: 00:02:41

Health: 0/42       AC:  4    Str: 21    XL:     4   Next: 66%
Magic:  5/5        EV: 10    Int:  9    God:
Gold:   64         SH:  0    Dex:  9    Spells: 5/5 levels left

rFire   . . .      SeeInvis .     - Unarmed
rCold   . . .      Faith    .   (no shield)
rNeg    . . .      Spirit   .   a - +0 robe
rPois   .          Reflect  .   (helmet restricted)
rElec   .          Harm     .   (no cloak)
rCorr   .          Rampage  .   (gloves unavailable)
Will    .....                   (boots unavailable)
Stlth   +.........              (no amulet)
HPRegen 0.94/turn               (no ring)
MPRegen 0.09/turn               (no ring)

@: no status effects
A: large, unfitting armour, claws 3, regeneration 1, shaggy fur 1, tough skin 1
a: no special abilities


You were on level 3 of the Dungeon.
You visited 1 branch of the dungeon, and saw 3 of its levels.

You collected 64 gold pieces.

Inventory:

Missiles
 c - 7 boomerangs of dispersal (quivered)
 h - 2 throwing nets
Armour
 a - a +0 robe (worn)
Scrolls
 b - a scroll of blinking
 d - a scroll of brand weapon {unknown}
 f - 3 scrolls of identify {unknown}
 g - a scroll of fog {unknown}
 l - a scroll of vulnerability {unknown}
 m - a scroll of teleportation {unknown}
 o - a scroll of noise {unknown}
Potions
 e - a potion of berserk rage {unknown}
 i - 3 potions of curing {unknown}
 j - 2 potions of ambrosia {unknown}
 k - a potion of heal wounds {unknown}
 n - a potion of lignification {unknown}


   Skills:
 + Level 1.9 Fighting
 + Level 0.8 Throwing
 + Level 2.4 Dodging
 + Level 3.3 Unarmed Combat
 + Level 1.4 Spellcasting
 + Level 2.9 Translocations


You had 5 spell levels left.
You didn't know any spells.
Your spell library contained the following spells:

 Spells                   Type           Power      Damage    Failure   Level
 Blink                    Tloc           10%        N/A       16%         2
 Gell's Gravitas          Tloc           5%         N/A       32%         3
 Lesser Beckoning         Tloc           5%         N/A       32%         3
 Teleport Other           Tloc           5%         N/A       32%         3
 Manifold Assault         Tloc           5%         N/A       96%         5


Dungeon Overview and Level Annotations

Branches:
Dungeon (3/15)

Altars:


Innate Abilities, Weirdness & Mutations

You are too large for most types of armour.
You have claws for hands.
Your natural rate of healing is unusually fast.
You are covered in fur. (AC +1)
You have tough skin. (AC +1)


Message History

a +0 halberd; a gnoll corpse
Things that are here:
a +0 short sword; a kobold corpse; a ball python corpse A gnoll comes into view.
It is wielding a +0 flail.
You see here a +0 short sword.
You see here a dart slug corpse.
You start resting.
You hear the slow rusting of a very distant drain.
You see here a +0 short sword.
Things that are here:
a +0 short sword; a kobold corpse; a ball python corpse
Things that are here:
a +0 halberd; a gnoll corpse The gnoll shouts!
You hear a shout!
The gnoll hits you with a +0 flail!
You barely miss the gnoll. The gnoll barely misses you.
You scratch the gnoll but do no damage. The gnoll hits you with a +0 flail!
You claw the gnoll!
The gnoll is severely wounded.
The gnoll misses you.
You barely miss the gnoll.
The gnoll is severely wounded.
The gnoll hits you with a +0 flail. The gnoll closely misses you.
You claw the gnoll!
You kill the gnoll!
The gnoll hits you with a +0 flail.
A gnoll comes into view. It is wielding a +0 whip.
The gnoll shouts!
The gnoll hits you with a +0 flail!
* * * LOW HITPOINT WARNING * * *
You see here a +0 flail.
You claw the gnoll!
You kill the gnoll!
The gnoll hits you with a +0 flail!
* * * LOW HITPOINT WARNING * * *
The gnoll attacks as you move away! The gnoll hits you with a +0 flail.
* * * LOW HITPOINT WARNING * * *
The gnoll attacks as you move away! The gnoll barely misses you.
The gnoll attacks as you move away! The gnoll hits you with a +0 flail!
You die...

#.# #..###.#.# #
# #.#
#..###...#.#. #.#
###.....###...#
......#†# #.#.#
###....†##.#.#.#
#..###).#.#.
#..#?.)#.# #
#..###).#.#
####....@##.#.#.#
#......#g# #.#.#
.##.))..###...#
#..###...#.#.
#..###.#.# # #
#...##...###.
#.#...........
#.####..###### ..
#.##


You could see a gnoll.

Vanquished Creatures
  Natasha (D:3)
  An adder (D:2)
  3 gnolls (D:3)
  A worm (D:2)
  3 dart slugs
  An orc (D:2)
  4 ball pythons
  2 bats
  2 endoplasms (D:2)
  4 giant cockroaches (D:1)
  2 goblins (D:1)
  2 hobgoblins
  5 kobolds
  2 quokkas
  4 frilled lizards
  8 rats
45 creatures vanquished.

Notes
Turn   | Place    | Note
-------+----------+-------------------------------------------
     0 | D:1      | dohliylev the Troll Warper began the quest for the Orb.
     0 | D:1      | Reached XP level 1. HP: 19/19 MP: 1/1
   367 | D:1      | Reached XP level 2. HP: 25/27 MP: 2/2
   839 | D:2      | Reached XP level 3. HP: 33/33 MP: 3/3
  1479 | D:3      | Noticed Natasha
  1486 | D:3      | Killed Natasha
  1487 | D:3      | Reached XP level 4. HP: 31/42 MP: 5/5
  1507 | D:3      | Reached skill level 3 in Unarmed Combat
  1533 | D:3      | HP: 2/42 [gnoll/+0 flail (8)]
  1545 | D:3      | Slain by a gnoll

Illustrated notes

Levels and vault maps discovered:
D:1:      dpeg_arrival_another_circle, layout_basic, serial_glass,
          glass_columns_b, glass_columns_c, glass_columns_c, glass_columns_a,
          minmay_small_reverse_x
D:2:      layout_loops_ring, minmay_misc_feat_rows, serial_park_tiny_1
D:3:      layout_loops_ring, hellmonk_ecumenical_altar_zigzags,
          lightli_sewer_entry_pipes, minmay_starry_boxes, uniq_natasha

Skill      XL: |  1  2  3  4 |
---------------+-------------+-----
Dodging        | 2 |  2.4
Unarmed Combat | 3 |  3.3
Fighting       | |  1.9
Throwing       | |  0.8
Spellcasting   | |  1.4
Translocations | |  2.9

Action                   |  1- 3 |  4- 6 || total
-------------------------+-------+-------++-------
Melee: Unarmed           |    91 |    20 ||   111
       Punch             |     2 |       ||     2
 Stab: Sleeping          |     1 |       ||     1
Armor: Robe              |    30 |     6 ||    36
Dodge: Dodged            |    36 |    15 ||    51

Table legend: (Time is in decaauts)
 A = Elapsed time spent in this place.
 B = Non-inter-level travel time spent in this place.
 C = Inter-level travel time spent in this place.
 D = Time resting spent in this place.
 E = Time spent auto-exploring this place.
 F = Levels seen in this place.
 G = Mean time per level.
                   A        B        C        D        E       F      G
               +--------+--------+--------+--------+--------+-----+--------+
         Total |   1547 |   1514 |     33 |     18 |   1174 |   3 |  515.7 |
       Dungeon |   1547 |   1514 |     33 |     18 |   1174 |   3 |  515.7 |
               +--------+--------+--------+--------+--------+-----+--------+

Top non-repeatable levels by time:
     D:1: 729 daAuts
     D:2: 694 daAuts
     D:3: 124 daAuts
